 Dungeon Crawl Stone Soup version 0.30.1-11-g7821555f0a (webtiles) character file.

Game seed: 9008343483578792516

219 groovy9 the Chopper (level 5, -4/47 HPs)
             Began as a Minotaur Berserker on Jan 12, 2024.
             Was a Believer of Trog.
             Slain by a worm (6 damage)
             ... on level 4 of the Dungeon.
             The game lasted 00:04:29 (1760 turns).

groovy9 the Chopper (Minotaur Berserker)            Turns: 1760, Time: 00:04:30

Health: -4/47      AC:  5    Str: 29    XL:     5   Next: 64%
Magic:  4/4        EV: 12    Int:  4    God:    Trog [**....]
Gold:   89         SH:  0    Dex: 10    Spells: 4/4 levels left

rFire   . . .        a - +0 hand axe
rCold   . . .        (no shield)
rNeg    . . .        c - +0 leather armour
rPois   .            (helmet restricted)
rElec   .            (no cloak)
rCorr   .            i - +0 pair of gloves
SInv    .            o - +0 pair of boots
Will    .....        j - amulet of faith
Stlth   +            l - +6 ring of strength
HPRegen 0.27/turn    (no ring)
MPRegen 0.09/turn

%: faith
@: no status effects
A: horns 2, retaliatory headbutt
a: Renounce Religion, Berserk, Trog's Hand


You were on level 4 of the Dungeon.
You worshipped Trog.
Trog was pleased with you.
You visited 1 branch of the dungeon, and saw 4 of its levels.

You collected 89 gold pieces.

Inventory:

Hand Weapons
 a - a +0 hand axe (weapon)
 p - a +2 flail of protection
Armour
 b - a +0 animal skin
 c - a +0 leather armour (worn)
 i - a +0 pair of gloves (worn)
 o - a +0 pair of boots (worn)
Jewellery
 j - an amulet of faith (around neck)
 l - a +6 ring of strength (left hand)
Scrolls
 f - a scroll of fog {unknown}
 h - a scroll of teleportation {unknown}
 k - 2 scrolls of identify {unknown}
 n - a scroll of brand weapon {unknown}
 q - a scroll of noise {unknown}
 s - a scroll of amnesia {unknown}
Potions
 d - 2 potions of might {unknown}
 e - a potion of invisibility {unknown}
 g - 3 potions of haste {unknown}
 m - 2 potions of curing {unknown}
 r - a potion of lignification {unknown}
 t - a potion of ambrosia {unknown}
 u - a potion of magic {unknown}


   Skills:
 + Level 4.9 Fighting
 * Level 6.0 Axes
 + Level 4.1 Armour
 - Level 2.1 Dodging


You had 4 spell levels left.
You didn't know any spells.
Your spell library was empty.

Dungeon Overview and Level Annotations

Branches:
Dungeon (4/15)
 Temple: D:4-7

Altars:
Makhleb


Innate Abilities, Weirdness & Mutations

You have a pair of horns on your head.
You reflexively headbutt those who attack you in melee.


Message History

The scorpion stings you.
You hit the scorpion but do no damage. Your headbutt misses the scorpion.
The scorpion is severely wounded.
You feel sick. The scorpion barely misses you. You furiously retaliate!
You headbutt the scorpion, but do no damage.
You barely miss the scorpion. Your headbutt misses the scorpion.
The scorpion is severely wounded.
You feel sick. The scorpion stings you.
You barely miss the scorpion.
The scorpion is severely wounded.
You feel sick. The scorpion stings you.
You closely miss the scorpion. You headbutt the scorpion.
You kill the scorpion!
Trog accepts your kill.
You barely miss the worm.
You feel sick.
Your Axes skill increases to level 6!
Your Armour skill increases to level 4!
You barely miss the worm. You headbutt the worm.
The worm is moderately wounded.
You feel sick. The worm bites you!
* * * LOW HITPOINT WARNING * * *
You hit the worm.
The worm is moderately wounded.
You feel sick.
You barely miss the worm. You headbutt the worm.
The worm is severely wounded.
You feel sick. The worm bites you.
* * * LOW HITPOINT WARNING * * *
You hit the worm. Your headbutt misses the worm.
The worm is almost dead.
You feel sick.
You are no longer poisoned.
The worm bites you!
* * * LOW HITPOINT WARNING * * *
Okay, then.
You barely miss the worm.
The worm is almost dead.
You hit the worm but do no damage.
The worm is almost dead.
The worm bites you.
You die...

......###.......# ..
......####.##.### #.
........ #.##..# ##..
.......# ...#..#
..........#.##..##..###.
#....##........###......
..............# #.......
.......####...###.###...
.......@.......##.###.#.
...#####w.#.#.........##
#..#####.......#
........# ##......#
........# #...##...
......... #........
..###.!... ......... .
##?... ......... ..!...
#.........


You could see a worm.

Vanquished Creatures
  2 scorpions (D:4)
  3 adders
  2 gnolls (D:3)
  An ufetubus (D:4)
  A worm (D:2)
  A dart slug (D:3)
  2 orcs (D:3)
  3 ball pythons
  4 endoplasms
  3 goblins
  5 hobgoblins
  3 kobolds
  5 quokkas
  2 frilled lizards
  6 rats
43 creatures vanquished.

Notes
Turn   | Place    | Note
-------+----------+-------------------------------------------
     0 | D:1      | groovy9 the Minotaur Berserker began the quest for the Orb.
     0 | D:1      | Reached XP level 1. HP: 19/19 MP: 0/0
   208 | D:1      | Reached skill level 4 in Axes
   220 | D:1      | Reached XP level 2. HP: 27/27 MP: 1/1
   224 | D:1      | You fall into a shaft and drop 1 floor!
   456 | D:2      | Reached XP level 3. HP: 33/33 MP: 2/2
   649 | D:2      | Reached ** piety under Trog
   961 | D:3      | Found a burning altar of Makhleb.
   965 | D:3      | Reached XP level 4. HP: 35/40 MP: 3/3
   967 | D:3      | Reached skill level 5 in Axes
  1108 | D:3      | Found a faded altar of an unknown god.
  1696 | D:4      | Noticed a scorpion
  1705 | D:4      | Killed a scorpion
  1706 | D:4      | Reached XP level 5. HP: 47/47 MP: 4/4
  1755 | D:4      | Reached skill level 6 in Axes
  1758 | D:4      | HP: 1/47 [worm (8)]
  1760 | D:4      | Slain by a worm

Illustrated notes

Levels and vault maps discovered:
D:1:      psy_arrival_spokes, layout_loops_cross
D:2:      layout_basic, serial_glass, glass_columns_a, glass_columns_a
D:3:      wad_woods_stonehenge, layout_basic, hellmonk_ecumenical_altar_blasted,
          palyth_stone_intersect, minmay_misc_feat_secret_circle, minivault_11,
          chequers_big_river, kennysheep_potato
D:4:      layout_cave_pools, serial_column_ruins, column_ruins_hut,
          column_ruins_open_small, column_ruins_open_tiny,
          column_ruins_corridor_straight, column_ruins_open_medium_water,
          column_ruins_columns_straight, column_ruins_open_small

Skill      XL: |  1  2  3  4  5 |
---------------+----------------+-----
Axes           | 4 5 6 |  6.0
Fighting       | 4 |  4.9
Armour         | 3 4 |  4.1
Dodging        | |  2.1

Action                     |  1- 3 |  4- 6 || total
---------------------------+-------+-------++-------
  Melee: Hand axe          |    72 |    35 ||   107
         Headbutt          |    14 |     6 ||    20
         Punch             |     1 |       ||     1
 Invoke: Berserk           |       |     2 ||     2
         Trog's Hand       |       |     1 ||     1
 Armour: Leather armour    |    16 |     6 ||    22
  Dodge: Dodged            |    38 |    12 ||    50
